 Dungeon Crawl Stone Soup version 0.30-a0-583-g19bae12e61 (webtiles) character file.

Game seed: 8995925135673145573

279460 Bnni the Marksant (level 21, -4/171 HPs)
             Began as a Formicid Hexslinger on Jan 1, 2023.
             Was an Elder of Okawaru.
             Killed from afar by Margery (21 damage)
             ... with a fireball
             ... in the Arena on Jan 2, 2023.
             The game lasted 02:02:35 (41919 turns).

Bnni the Marksant (Formicid Hexslinger)            Turns: 41919, Time: 02:02:36

Health: -4/171     AC: 14    Str: 19    XL:     21   Next: 31%
Magic:  7/35       EV: 16    Int: 18    God:    Okawaru [****..]
Gold:   1915       SH: 38    Dex: 22    Spells: 10/40 levels left

rFire   + + .      SeeInvis +    a - +9 longbow (flame)
rCold   + . .      Faith    .    s - +8 tower shield of a wizard's laboratory {Rampage +Inv rPois Stlth-}
rNeg    + . .      Spirit   .    p - +2 robe of the Lost Path {rElec SInv}
rPois   +          Reflect  +    (helmet unavailable)
rElec   +          Harm     .    c - +1 cloak of Niteqin {Regen+ rCorr Dex+4 Stlth+}
rCorr   +          Rampage  +    t - +1 pair of gloves of Veqacvif {rF++ rN+ Str+2}
Will    ++...                    B - +0 pair of boots
Stlth   +++                      q - amulet of reflection
HPRegen 1.28/turn                v - +4 ring of protection
MPRegen 0.24/turn                H - ring of protection from cold

@: liquefying, heroic, finesse-ful, studying Maces & Flails, slowed movement,
duelling, very slow
A: permanent stasis, dig shafts and tunnels, antennae 3, four strong arms
}: 2/15 runes: decaying, serpentine
a: Dig, Renounce Religion, Evoke Invisibility, Heroism, Finesse


You were in the Arena.
You worshipped Okawaru.
Okawaru was greatly pleased with you.
You visited 8 branches of the dungeon, and saw 35 of its levels.
You also visited: Bailey.

You collected 3729 gold pieces.
You spent 1814 gold pieces at shops.

Inventory:

Hand Weapons
 a - a +9 longbow of flaming (weapon)
 o - a +0 heavy triple crossbow
 r - a +2 longbow of freezing
 P - a +2 great sword of flaming
Missiles
 R - 10 boomerangs of dispersal
Armour
 c - the +1 cloak of Niteqin (worn) {Regen+ rCorr Dex+4 Stlth+}
   (Okawaru gifted it to you on level 4 of the Snake Pit)

   Dex:       It affects your dexterity (+4).
   Regen:     It increases your rate of health regeneration.
   rCorr:     It protects you from acid and corrosion.
   Stlth:     It makes you more stealthy.
 p - the +2 robe of the Lost Path (worn) {rElec SInv}
   (You took it off a gnoll bouda in a bailey)

   rElec:     It insulates you from electricity.
   SInv:      It lets you see invisible.
 s - the +8 tower shield of a wizard's laboratory (worn) {Rampage +Inv rPois Stlth-}
   (Okawaru gifted it to you on level 4 of the Lair of Beasts)

   rPois:     It protects you from poison.
   +Inv:      It lets you turn invisible.
   Rampage:   It bestows one free step when moving towards enemies.
   Stlth:     It makes you less stealthy.
 t - the +1 pair of gloves of Veqacvif (worn) {rF++ rN+ Str+2}
   (Okawaru gifted it to you on level 2 of the Orcish Mines)

   Str:       It affects your strength (+2).
   rF:        It greatly protects you from fire.
   rN:        It protects you from negative energy.
 y - a +2 tower shield of protection
 B - a +0 pair of boots (worn)
Jewellery
 q - an amulet of reflection (around neck)
 v - a +4 ring of protection (left hand)
 A - a ring of flight
 E - a ring of fire
 H - a ring of protection from cold (right hand)
 K - a ring of poison resistance
 T - a ring of protection from cold
Wands
 w - a wand of light (27)
 I - a wand of mindburst (18)
 N - a wand of iceblast (30)
 O - a wand of digging (12)
Scrolls
 b - 9 scrolls of poison
 d - 11 scrolls of amnesia
 e - 8 scrolls of enchant armour
 g - a scroll of silence
 u - 7 scrolls of identify
 z - 7 scrolls of vulnerability
 C - 3 scrolls of torment
 D - 6 scrolls of immolation
 G - 3 scrolls of fog
 J - 6 scrolls of fear
 Q - 8 scrolls of magic mapping
 S - a scroll of brand weapon
Potions
 f - a potion of invisibility
 h - 2 potions of flight
 i - 5 potions of brilliance
 j - 4 potions of might
 l - 2 potions of lignification
 m - 10 potions of curing
 n - 2 potions of magic
 x - 4 potions of attraction
 F - 4 potions of ambrosia
 L - 4 potions of mutation
Miscellaneous
 k - a condenser vane
 M - a phial of floods (inert)


   Skills:
 + Level 16.1(21.1) Fighting
 * Level 20.4(25.4) Ranged Weapons
 - Level 1.7(6.7) Dodging
 * Level 18.2(23.2) Shields
 + Level 10.1 Spellcasting
 + Level 18.5 Hexes
 - Level 3.0 Necromancy
 - Level 3.0 Translocations
 + Level 7.7 Transmutations
 - Level 3.0 Fire Magic
 - Level 3.0 Earth Magic
 - Level 13.0 Invocations


You had 10 spell levels left.
You knew the following spells:

 Your Spells              Type           Power      Damage    Failure   Level
a - Slow                  Hex            100%       N/A       0%          1
b - Inner Flame           Hex/Fire       47%        N/A       1%          3
c - Portal Projectile     Hex/Tloc       94%        N/A       1%          3
d - Cause Fear            Hex            33%        N/A       1%          4
e - Discord               Hex            33%        N/A       34%         8
f - Leda's Liquefaction   Hex/Erth       23%        N/A       1%          4
g - Ignite Poison         Fire/Tmut/Pois 22%        N/A       8%          3
h - Anguish               Hex/Necr       23%        N/A       1%          4

Your spell library contained the following spells:

 Spells                   Type           Power      Damage    Failure   Level
 Confusing Touch          Hex            66%        N/A       0%          3
 Ensorcelled Hibernation  Hex/Ice        84%        N/A       1%          2
 Passwall                 Tmut/Erth      23%        N/A       1%          2
 Sting                    Tmut/Pois      92%        1d7       2%          1
 Sandblast                Erth           38%        2d10      3%          1
 Scorch                   Fire           38%        2d7       4%          2
 Sublimation of Blood     Necr           19%        N/A       4%          2
 Kiss of Death            Conj/Necr      56%        2d9       6%          1
 Spider Form              Tmut/Pois      23%        N/A       6%          3
 Momentum Strike          Conj/Tloc      28%        3d8       9%          2
 Lesser Beckoning         Tloc           38%        N/A       10%         3
 Vampiric Draining        Necr           19%        2d7       10%         3
 Petrify                  Tmut/Erth      28%        N/A       12%         4
 Blade Hands              Tmut           18%        N/A       12%         5
 Poisonous Vapours        Pois/Air       18%        N/A       16%         2
 Stone Arrow              Conj/Erth      28%        3d8       17%         3
 Vhi's Electric Charge    Tloc/Air       28%        N/A       17%         3
 Dispel Undead            Necr           19%        3d11      30%         4
 Flame Wave               Conj/Fire      14%        2d6       50%         4
 Sticky Flame             Conj/Fire      14%        2d4       50%         4
 Irradiate                Conj/Tmut      11%        3d15      52%         5
 Lee's Rapid Deconstruct  Erth           9%         3d7*      65%         5
 Airstrike                Air            4%         2d(1-17)  71%         4
 Olgreb's Toxic Radiance  Pois           9%         N/A       71%         4
 Statue Form              Tmut/Erth      18%        N/A       87%         6
 Arcjolt                  Conj/Air       4%         1d14      96%         5
 Freezing Cloud           Conj/Ice/Air   4%         6-21      96%         5
 Lightning Bolt           Conj/Air       4%         1d16      96%         5
 Conjure Ball Lightning   Conj/Air       4%         3x3d6     100%        6
 Iron Shot                Conj/Erth      7%         9d2       100%        6
 Orb of Destruction       Conj           4%         9d5       100%        7
 Disjunction              Tloc           9%         N/A       100%        8
 Ignition                 Fire           9%         3d5       100%        8
 Maxwell's Capacitive Co  Air            4%         ∞         100%        8
 Polar Vortex             Ice            4%         N/A       100%        9
 Tukima's Dance           Hex            Unusable   N/A       N/A         3
 Summon Guardian Golem    Hex/Summ       Unusable   N/A       N/A         3
 Blink                    Tloc           Unusable   N/A       N/A         2
 Summon Lightning Spire   Summ/Air       Unusable   N/A       N/A         4
 Simulacrum               Ice/Necr       Unusable   N/A       N/A         6
 Summon Cactus Giant      Summ           Unusable   N/A       N/A         6
 Spellforged Servitor     Conj/Summ      Unusable   N/A       N/A         7

Dungeon Overview and Level Annotations

Branches:
Dungeon (15/15)            Temple (1/1) D:6            Lair (5/5) D:10
  Swamp (4/4) Lair:2        Snake (4/4) Lair:3        Slime (0/5) Lair:5
    Orc (2/2) D:12            Elf (0/3) Orc:2        Vaults (2/5) D:13
 Depths (1/4) D:15         Bailey (visited)
  Crypt: Vaults:2-3

Altars:
Ashenzari
Cheibriados
Dithmenos
Elyvilon
Fedhas
Gozag
Hepliaklqana
Kikubaaqudgha
Makhleb
Nemelex Xobeh
Okawaru
Qazlal
Ru
Sif Muna
Trog
Uskayaw
Vehumet
Wu Jian
Xom
Yredelemnul
Zin
The Shining One
Jiyva

Shops:
D:1 ((!((   D:11 *   D:12 :   Orc:2 *!=(*   Snake:3 *   Vaults:1 (

Portals:
Hell: Depths:1

Annotations:
Arena Margery


Innate Abilities, Weirdness & Mutations

You cannot be hasted, slowed, berserked, paralysed or teleported.
You can dig through walls and to a lower floor.
You have a pair of large antennae on your head. (SInv)
Your four strong arms can wield two-handed weapons with a shield.


Message History

The spectator shouts! x2
You block Margery's attack.
You can now deal lightning-fast blows.
Margery gestures at you while chanting.
The fireball explodes!
The fireball engulfs you!! You resist.
* * * LOW HITPOINT WARNING * * *
The fireball engulfs Margery!
Margery resists.
Throw: 11 boomerangs (disperse)
Press: ? - help, Shift-Dir - straight line, f - Margery
Aim: Margery, wielding a +4 great sword of flaming and wearing +0 fire dragon scales (lightly wounded, covering ground slowly, 76% to hit)
You throw a boomerang of dispersal. The spectator shouts!
The boomerang of dispersal hits Margery.
Margery blinks!
Margery is lightly wounded.
Margery gestures at you while chanting.
The fireball explodes!
The fireball engulfs you! You resist.
* * * LOW HITPOINT WARNING * * *
Casting: Cause Fear (safe; 1% risk of failure)
Confirm with . or Enter, or press ? or * to list all spells.
Aiming: Slow (safe; 0% risk of failure)
Press: ? - help, Shift-Dir - straight line, f/p - Margery
Aim: Margery, wielding a +4 great sword of flaming and wearing +0 fire dragon scales (lightly wounded, covering ground slowly, chance to affect: 0%)
Okay, then.
Unknown command.
Okay, then.
Press: ? - help, v - describe, . - travel
Here: Margery, wielding a +4 great sword of flaming and wearing +0 fire dragon scales (lightly wounded, covering ground slowly)
The floor.
Okay, then.
Aiming: Bolt of Light
Press: ? - help, Shift-Dir - straight line, f/p - Margery
Aim: Margery, wielding a +4 great sword of flaming and wearing +0 fire dragon scales (lightly wounded, covering ground slowly, 75% to hit)
The bolt of light hits Margery!
Margery is moderately wounded.
Margery is blinded.
Margery gestures at you while chanting.
The fireball explodes!
The fireball engulfs you!! You resist.
You die...
Okawaru crowns Margery victorious!

#########
##..▓▓▓p.##
##.p▓▓.▓▓p.##
##.p▓▓...▓▓p.##
#.p▓▓.....▓▓..#
#.▓▓.......▓▓.#
#▓▓.....§...▓.#
#∩▓....@..@.▓#
#▓▓.........▓p#
#.▓▓.......▓▓.#
#.p▓▓.....▓▓..#
##.p▓▓...▓▓p.##
##.p▓▓.▓▓p.##
##..▓▓▓..##
#########


You could see Margery (blind, struggling).

Vanquished Creatures
  Saint Roka (Vaults:1)
  Bai Suzhen (Swamp:4)
  Nikola (Swamp:4)
  A tentacled monstrosity (Swamp:3)
  A lich (Vaults:1)
  Mlioglotl (Swamp:4)
  2 sphinxes
  A tengu reaver (D:13)
  Donald (Vaults:2)
  Roxanne (Snake:4)
  6 nagarajas
  The ghost of Plog the Eviscerator, an adept FeBe of Trog (Vaults:1)
  A fire giant (Vaults:2)
  2 vault wardens
  Louise (Snake:4)
  5 ironbound preservers
  A stone giant (Depths:1)
  5 eleionomae
  3 ironbound thunderhulks
  5 bunyips
  6 dire elephants
  An ettin (D:15)
  2 crystal guardians (Vaults:1)
  3 great orbs of eyes
  2 fire dragons
  An ice dragon (D:13)
  A vault guard (D:13)
  4 yaktaur captains
  A spectral golden dragon (Vaults:1)
  2 rakshasas (D:13)
  3 salamander tyrants
  24 hydras
  2 anacondas
  A spectral frost giant (Vaults:1)
  A spriggan air mage (D:15)
  A peacekeeper (Vaults:1)
  6 centaur warriors
  3 two-headed ogres
  3 ironbound frosthearts
  4 boulder beetles
  A catoblepas (Lair:5)
  A deep troll earth mage (D:15)
  A spectral stone giant (Vaults:1)
  4 tengu warriors
  10 death yaks (Lair:5)
  16 alligators
  9 naga sharpshooters
  22 naga warriors
  Sonja (D:11)
  9 shock serpents
  3 hell knights
  A fire crab (Lair:5)
  14 skeletal warriors
  8 spriggans
  4 sea snakes (Snake:2)
  7 goliath frogs
  3 naga ritualists
  8 salamander mystics
  A death drake (Swamp:3)
  4 spriggan druids
  19 deep trolls
  A lindwurm (Lair:5)
  13 bog bodies
  12 swamp dragons
  10 orc knights
  An orange crystal statue (D:15)
  6 wizards
  5 ironbound convokers
  5 mana vipers
  6 necromancers
  A phantasmal warrior (Vaults:1)
  2 wolf spiders
  18 ugly things
  A harpy (shapeshifter) (D:10)
  2 orc sorcerers
  6 deep elf pyromancers
  3 cyclopes
  2 manticores (D:13)
  A salamander (shapeshifter) (D:12)
  9 will-o-the-wisps
  26 salamanders
  23 elephants
  6 guardian serpents
  35 black mambas
  A torpor snail (Lair:4)
  21 naga magi
  2 molten gargoyles (Lair:5)
  2 ice statues
  7 vault sentinels
  A gargoyle (D:11)
  15 yaktaurs (Vaults:2)
  An unseen horror (D:13)
  11 cane toads
  A rime drake (Lair:3)
  5 tengu conjurers
  7 komodo dragons
  5 trolls
  A meliai (D:13)
  7 hornets
  5 bloated husks (Swamp:3)
  11 tyrant leeches
  3 polar bears
  Grinder (D:5)
  Prince Ribbit (D:7)
  16 blink frogs
  A fire giant simulacrum (Vaults:1)
  2 dream sheep (Lair:4)
  3 human simulacra (Vaults:1)
  16 slime creatures
  42 yaks
  A shadow (D:10)
  9 wyverns
  2 wraiths
  9 basilisks
  20 humans (D:13)
  A redback simulacrum (D:13)
  31 vampire mosquitoes
  13 swamp worms
  3 steam dragons
  11 wargs
  Edmund (D:5)
  47 nagas
  An acid dragon (D:10)
  5 hell hounds (Lair:5)
  14 water moccasins
  Duvessa (D:5)
  9 ice beasts
  46 orc warriors
  7 swamp drakes (Swamp:4)
  2 black bears
  A sky beast (D:6)
  A boggart (Vaults:1)
  2 elf simulacra (Vaults:1)
  5 ogres
  9 wolves
  7 centaurs
  A phantom (D:4)
  A kobold brigand (D:7)
  Blork the orc (D:5)
  8 bullfrogs
  A glowing shapeshifter simulacrum (Vaults:1)
  9 gnoll sergeants
  3 scorpions (D:5)
  10 wights
  Dowan (D:5)
  11 killer bees
  10 electric eels
  3 howler monkeys (D:8)
  8 lava snakes
  4 hounds
  2 jellies
  14 orc priests
  8 gnoll boudas (Bailey)
  8 iguanas
  19 orc wizards
  16 gnolls
  11 adders
  2 shadow imps
  3 white imps
  An ufetubus (D:6)
  A worm (D:3)
  4 dart slugs
  88 orcs
  7 ball pythons
  7 endoplasms
  3 giant cockroaches
  5 goblins
  7 hobgoblins
  4 quokkas
  6 bats
  A frilled lizard (D:2)
  7 kobolds
  2 rats (D:1)
  A butterfly (Lair:4)
1196 creatures vanquished.

Vanquished Creatures (others)
  A bloated husk (Swamp:2)
  A basilisk (Lair:3)
  A naga (Snake:3)
  A swamp worm (Swamp:2)
  A bush (D:10)
  25 foxfires
  35 fungi
  59 plants
124 creatures vanquished.

Grand Total: 1320 creatures vanquished

Notes
Turn   | Place    | Note
-------+----------+-------------------------------------------
     0 | D:1      | Bnni the Formicid Hexslinger began the quest for the Orb.
     0 | D:1      | Reached XP level 1. HP: 15/15 MP: 2/2
     4 | D:1      | Found Mosuh's Distillery.
     5 | D:1      | Found Fahovip's Weapon Emporium.
    11 | D:1      | Found Izavorphy's Antique Weapon Shoppe.
    89 | D:1      | Found Tigew's Antique Weapon Emporium.
   161 | D:1      | Reached XP level 2. HP: 21/21 MP: 3/3
   374 | D:1      | Reached XP level 3. HP: 26/26 MP: 4/4
   378 | D:1      | Learned a level 3 spell: Inner Flame
   394 | D:1      | Found a faded altar of an unknown god.
   445 | D:1      | Found Lucamuteu's Weapon Boutique.
  1452 | D:2      | Reached XP level 4. HP: 20/33 MP: 2/6
  1527 | D:2      | Reached skill level 1 in Fire Magic
  1853 | D:3      | Reached skill level 3 in Ranged Weapons
  1950 | D:3      | Found a transporter.
  1973 | D:3      | Found a white marble altar of Elyvilon.
  1985 | D:3      | Reached XP level 5. HP: 38/38 MP: 7/7
  2167 | D:3      | Found a transporter.
  2978 | D:3      | Reached skill level 5 in Hexes
  2978 | D:3      | Reached XP level 6. HP: 34/45 MP: 9/9
  3397 | D:4      | Found a glowing silver altar of Zin.
  3592 | D:4      | Learned a level 4 spell: Cause Fear
  3759 | D:4      | Reached skill level 4 in Ranged Weapons
  4133 | D:4      | Reached XP level 7. HP: 13/51 MP: 10/10
  4344 | D:5      | Entered Level 5 of the Dungeon
  4380 | D:5      | Reached skill level 1 in Shields
  4808 | D:5      | Learned a level 3 spell: Portal Projectile
  4883 | D:5      | Reached XP level 8. HP: 52/58 MP: 10/12
  4972 | D:5      | Noticed Grinder
  4983 | D:5      | Killed Grinder
  4984 | D:5      | Reached skill level 5 in Ranged Weapons
  4991 | D:5      | Noticed Edmund
  4998 | D:5      | Killed Edmund
  5110 | D:5      | Noticed Dowan
  5112 | D:5      | Noticed Duvessa
  5125 | D:5      | Killed Dowan
  5129 | D:5      | Killed Duvessa
  5285 | D:5      | Found a glowing golden altar of the Shining One.
  5529 | D:1      | Bought a runed longbow for 294 gold pieces
  5967 | D:5      | Noticed Blork the orc
  5974 | D:5      | Killed Blork the orc
  6296 | D:6      | Identified a scroll of acquirement
  6299 | D:6      | Acquired 322 gold pieces
  6349 | D:6      | Reached XP level 9. HP: 63/66 MP: 13/13
  6448 | D:6      | Reached skill level 6 in Ranged Weapons
  6594 | D:6      | Found a staircase to the Ecumenical Temple.
  6601 | Temple   | Entered the Ecumenical Temple
  6664 | Temple   | Became a worshipper of Warmaster Okawaru
  6768 | D:6      | Found a hazy altar of Hepliaklqana.
  7157 | D:7      | Noticed Prince Ribbit
  7164 | D:7      | Reached skill level 1 in Invocations
  7181 | D:7      | Killed Prince Ribbit
  7182 | D:7      | Reached skill level 1 in Translocations
  7332 | D:7      | Reached skill level 5 in Fighting
  7437 | D:7      | Found a flagged portal.
  7447 | D:7      | Identified the +8 spear of Demonkind {antimagic, Dex+2}
  7450 | Bailey   | Entered a bailey
  7657 | Bailey   | Reached * piety under Okawaru
  7714 | Bailey   | Reached skill level 7 in Ranged Weapons
  7714 | Bailey   | Reached skill level 5 in Shields
  7873 | Bailey   | Identified the +3 scale mail of Purpose {Str+2}
  7879 | Bailey   | Reached XP level 10. HP: 70/74 MP: 14/14
  7916 | Bailey   | Identified the +2 robe of the Lost Path {rElec SInv}
  7922 | Bailey   | Reached ** piety under Okawaru
  8538 | D:8      | You fall into a shaft and drop 1 floor!
  8595 | D:9      | Found a sacrificial altar of Ru.
  8701 | D:9      | Reached *** piety under Okawaru
  8855 | D:9      | Reached skill level 8 in Ranged Weapons
  8855 | D:9      | Reached skill level 10 in Hexes
  9137 | D:9      | Found a stormy altar of Qazlal.
  9448 | D:8      | Found an ancient bone altar of Kikubaaqudgha.
  9492 | D:8      | Reached **** piety under Okawaru
  9928 | D:9      | Reached XP level 11. HP: 83/83 MP: 15/15
 10298 | D:10     | Entered Level 10 of the Dungeon
 10353 | D:10     | Reached skill level 5 in Invocations
 10718 | D:10     | Found a staircase to the Lair.
 10725 | D:10     | Reached skill level 9 in Ranged Weapons
 10741 | D:10     | Reached ***** piety under Okawaru
 11283 | D:10     | a wind drake changed into a harpy
 11283 | D:10     | Noticed a harpy (shapeshifter)
 11289 | D:10     | Killed a harpy
 11365 | D:10     | Noticed a two-headed ogre
 11371 | D:10     | Killed a two-headed ogre
 11661 | D:10     | Received a gift from Okawaru
 11811 | D:11     | Found Yvoj's Assorted Antiques.
 12169 | D:11     | Noticed Sonja
 12179 | D:11     | Killed Sonja
 12259 | D:11     | Reached XP level 12. HP: 91/91 MP: 8/16
 12262 | D:11     | Reached skill level 10 in Ranged Weapons
 13386 | D:12     | Found a staircase to the Orcish Mines.
 13465 | D:12     | Found Plog's Book Shop.
 13512 | D:12     | Noticed a skeletal warrior
 13514 | D:12     | Noticed a skeletal warrior
 13518 | D:12     | Noticed a skeletal warrior
 13519 | D:12     | Killed a skeletal warrior
 13534 | D:12     | Killed a skeletal warrior
 13534 | D:12     | Received a gift from Okawaru
 13541 | D:12     | Killed a skeletal warrior
 13742 | D:12     | Noticed a two-headed ogre
 13768 | D:12     | Killed a two-headed ogre
 13991 | D:12     | Reached skill level 11 in Ranged Weapons
 14128 | D:12     | Noticed a skeletal warrior
 14145 | D:12     | Killed a skeletal warrior
 14504 | D:12     | Reached XP level 13. HP: 99/99 MP: 9/18
 14967 | D:12     | Reached skill level 10 in Shields
 15415 | D:13     | Noticed a rakshasa
 15540 | D:13     | Killed a rakshasa
 15541 | D:13     | Reached skill level 12 in Ranged Weapons
 15584 | D:13     | Noticed a centaur warrior
 15696 | Lair:1   | Entered Level 1 of the Lair of Beasts
 16398 | Lair:1   | Found a radiant altar of Vehumet.
 16879 | D:12     | Bought a book of Chaos for 800 gold pieces
 16884 | D:12     | Learned a level 4 spell: Anguish
 17111 | Lair:2   | Found a staircase to the Swamp.
 17113 | Lair:2   | Noticed a five-headed hydra
 17123 | Lair:2   | Killed a five-headed hydra
 17273 | Lair:2   | Reached skill level 1 in Necromancy
 17332 | Lair:2   | Received a gift from Okawaru
 18418 | Lair:3   | Reached skill level 10 in Fighting
 18418 | Lair:3   | Reached XP level 14. HP: 110/110 MP: 21/21
 18724 | Lair:3   | Reached skill level 13 in Ranged Weapons
 19204 | Lair:3   | Found a staircase to the Snake Pit.
 19640 | Lair:4   | Reached skill level 10 in Invocations
 19858 | Lair:4   | Reached skill level 5 in Spellcasting
 19980 | Lair:4   | Identified the +8 tower shield of a wizard's laboratory
                  | {Rampage +Inv rPois Stlth-} (Okawaru gifted it to you on
                  | level 4 of the Lair of Beasts)
 19980 | Lair:4   | Received a gift from Okawaru
 20317 | Lair:4   | You fall into a shaft and drop 1 floor!
 20317 | Lair:5   | Entered Level 5 of the Lair of Beasts
 20317 | Lair:5   | Found a large runed translucent door.
 20317 | Lair:5   | Found a large runed translucent door.
 20330 | Arena    | Entered the Arena
 21065 | Lair:5   | Reached XP level 15. HP: 95/117 MP: 14/23
 21079 | Lair:5   | Reached skill level 14 in Ranged Weapons
 21701 | Lair:5   | Found an opulent altar of Gozag.
 21709 | Lair:5   | Found a viscous altar of Jiyva.
 21709 | Lair:5   | Found a staircase to the Slime Pits.
 21764 | Lair:5   | Reached skill level 15 in Hexes
 21794 | Lair:5   | Received a gift from Okawaru
 22966 | Orc:1    | Entered Level 1 of the Orcish Mines
 23432 | Orc:2    | Entered Level 2 of the Orcish Mines
 23432 | Orc:2    | Found a staircase to the Elven Halls.
 23505 | Orc:2    | Found Feusieh's CLEARANCE SALE!.
 23848 | Orc:2    | Found Noempisu's Weapon Boutique.
 23848 | Orc:2    | Found Fofokaotz's Jewellery Shoppe.
 23931 | Orc:2    | Identified the +1 pair of gloves of Veqacvif {rF++ rN+
                  | Str+2} (Okawaru gifted it to you on level 2 of the Orcish
                  | Mines)
 23931 | Orc:2    | Received a gift from Okawaru
 24250 | Orc:2    | Found Xoap's Distillery.
 24250 | Orc:2    | Found Kaumaret's General Store.
 24265 | Orc:2    | Bought a potion of heal wounds for 75 gold pieces
 24274 | Orc:2    | Bought a potion of heal wounds for 65 gold pieces
 24274 | Orc:2    | Bought 2 potions of heal wounds for 130 gold pieces
 24444 | Orc:2    | Bought an amulet of reflection for 450 gold pieces
 24609 | Snake:1  | Entered Level 1 of the Snake Pit
 25124 | Snake:1  | Reached skill level 15 in Ranged Weapons
 25368 | Snake:1  | Reached XP level 16. HP: 116/127 MP: 22/26
 27061 | Snake:2  | Received a gift from Okawaru
 27171 | Snake:2  | Reached skill level 16 in Ranged Weapons
 27492 | Snake:2  | Learned a level 8 spell: Discord
 27771 | Snake:3  | Found Uryil's General Store.
 28231 | Snake:3  | Noticed a nagaraja
 28240 | Snake:3  | Killed a nagaraja
 28327 | Snake:3  | Received a gift from Okawaru
 28664 | Snake:3  | Reached XP level 17. HP: 61/132 MP: 22/27
 30147 | Snake:4  | Entered Level 4 of the Snake Pit
 30631 | Snake:4  | Reached ****** piety under Okawaru
 30632 | Snake:4  | Noticed Roxanne
 30660 | Snake:4  | Killed Roxanne
 30660 | Snake:4  | Identified the +1 cloak of Niteqin {Regen+ rCorr Dex+4
                  | Stlth+} (Okawaru gifted it to you on level 4 of the Snake
                  | Pit)
 30660 | Snake:4  | Received a gift from Okawaru
 30686 | Snake:4  | Learned a level 4 spell: Leda's Liquefaction
 30739 | Snake:4  | Reached skill level 17 in Ranged Weapons
 30741 | Snake:4  | Reached skill level 1 in Earth Magic
 31636 | Snake:4  | Received a gift from Okawaru
 31647 | Snake:4  | Got a serpentine rune of Zot
 31701 | Snake:4  | Reached XP level 18. HP: 96/145 MP: 20/28
 31705 | Snake:4  | Noticed Louise
 31718 | Snake:4  | Killed Louise
 32156 | Swamp:1  | Entered Level 1 of the Swamp
 32319 | Swamp:1  | Got Uschua's Vademecum on Iron Rime
 32471 | Swamp:1  | Reached skill level 18 in Ranged Weapons
 32857 | Swamp:2  | Reached skill level 15 in Shields
 32935 | Swamp:2  | Found an ornate altar of the Wu Jian Council.
 33047 | Swamp:2  | Learned a level 3 spell: Ignite Poison
 33288 | Swamp:3  | Reached skill level 1 in Transmutations
 33357 | Swamp:3  | Identified the +2 robe "Gossuxib" {Str+7 Stlth+} (Okawaru
                  | gifted it to you on level 3 of the Swamp)
 33357 | Swamp:3  | Received a gift from Okawaru
 33538 | Swamp:3  | Noticed a tentacled monstrosity
 33551 | Swamp:3  | Killed a tentacled monstrosity
 34328 | Swamp:4  | Entered Level 4 of the Swamp
 34547 | Swamp:3  | Reached XP level 19. HP: 50/153 MP: 21/30
 34702 | Swamp:4  | Identified the +1 kite shield of Tutuz {Dex+2} (Okawaru
                  | gifted it to you on level 4 of the Swamp)
 34702 | Swamp:4  | Received a gift from Okawaru
 34807 | Swamp:4  | Noticed Bai Suzhen
 34833 | Swamp:4  | Killed Bai Suzhen
 34928 | Swamp:4  | Noticed Mlioglotl
 34971 | Swamp:4  | Killed Mlioglotl
 35183 | Swamp:4  | Reached skill level 19 in Ranged Weapons
 35194 | Swamp:4  | Got a decaying rune of Zot
 35223 | Swamp:4  | Reached skill level 15 in Fighting
 35402 | Swamp:4  | Noticed Nikola
 35415 | Swamp:4  | Killed Nikola
 36287 | D:13     | Reached skill level 5 in Transmutations
 36450 | D:13     | Found a gate to the Vaults.
 36968 | D:14     | Received a gift from Okawaru
 37062 | D:14     | Reached XP level 20. HP: 162/162 MP: 15/32
 37427 | D:15     | Entered Level 15 of the Dungeon
 37804 | D:15     | Found a staircase to the Depths.
 38562 | Depths:1 | Entered Level 1 of the Depths
 38569 | Depths:1 | Found a gateway to Hell.
 38846 | Vaults:1 | Entered Level 1 of the Vaults
 39256 | Vaults:1 | Noticed Saint Roka
 39283 | Vaults:1 | Killed Saint Roka
 39631 | Vaults:1 | Found a runed translucent gate.
 39631 | Vaults:1 | Found a runed translucent gate.
 39631 | Vaults:1 | Found a runed translucent gate.
 39632 | Vaults:1 | Noticed Plog's ghost (adept FeBe)
 39695 | Vaults:1 | Reached skill level 20 in Ranged Weapons
 40081 | Vaults:1 | Found Daug's Weapon Emporium.
 40110 | Vaults:1 | Received a gift from Okawaru
 40315 | Vaults:1 | Killed Plog's ghost
 40677 | Vaults:2 | Identified the +0 scale mail of Suettitso {rN+} (Okawaru
                  | gifted it to you on level 2 of the Vaults)
 40677 | Vaults:2 | Received a gift from Okawaru
 40992 | Vaults:2 | Reached XP level 21. HP: 41/170 MP: 8/34
 41222 | Vaults:2 | Identified the +0 kite shield of the Planets {rElec rC+
                  | Str-4 Dex+2}
 41222 | Vaults:2 | Noticed Donald
 41263 | Vaults:2 | Killed Donald
 41597 | Vaults:2 | Reached skill level 10 in Spellcasting
 41671 | Vaults:2 | You fall into a shaft and drop 1 floor!
 41889 | Vaults:3 | Noticed Margery
 41915 | Arena    | Entered the Arena
 41919 | Arena    | Killed from afar by Margery

Illustrated notes

Levels and vault maps discovered:
D:1:      tarquinn_simple_flora_water_a, layout_basic,
          shapermc_ecumenical_altar_notcrosses, serial_shops, shop, shop,
          nicolae_shop_waterfront, nicolae_diamond_shop,
          nicolae_shop_statue_plus
D:2:      layout_loops_ring, serial_bayou, serial_bayou_crossing,
          serial_bayou_shore_b, serial_bayou_lake_a, serial_bayou_shore_b,
          serial_bayou_lagoon_b
D:3:      gammafunk_steamed_eel, layout_basic, nicolae_overflow_crystal_walls
D:4:      minmay_spotlight, layout_rooms, zin_academy
D:5:      layout_basic, amcnicky_altar_gilded, kennysheep_small_circle,
          uniq_grinder, uniq_edmund, uniq_blork_the_orc, uniq_duvessa
D:6:      layout_loops_ring, lemuel_tele_altar, minmay_temple_entry_arrows
D:7:      layout_rooms, enter_bailey_2, feat_on_display, uniq_prince_ribbit1
D:8:      layout_basic, mainiacjoe_overflow_paths
D:9:      layout_long_grid, hangedman_ru_absence,
          nicolae_qazlal_scattered_showers
D:10:     layout_small_grid, minmay_lair_entry_grove
D:11:     layout_cave_pods, serial_shops, nicolae_shop_crystal, uniq_sonja
D:12:     layout_roguey, david_orc_5, serial_shops, shop
D:13:     minmay_expanding_squares, layout_cave_pools,
          grunt_vaults_entry_tiered, kennysheep_doodads, ice2_lemuel
D:14:     layout_rooms
D:15:     hangedman_depths_entry_civil_slaughter, layout_basic, chequers_avenue,
          hangedman_decor_growths, minmay_more_statues
Temple:   eino_wide_crystal_templ
Lair:1:   layout_layer_cave, basic_altar
Lair:2:   layout_hall_layers, minmay_swamp_entry_reptiles, grunt_megastairs_4,
          infiniplex_staircase_pool
Lair:3:   layout_regular_city, nicolae_snake_entry_warm_welcome,
          lemuel_fruit_tree
Lair:4:   layout_gridlike, disabler_island, lemuel_fruit_fields,
          serial_bayou_shore_a
Lair:5:   cheibrodos_lair_end_hotspot, layout_concentric_octagons,
          slime_entry_1, basic_altar
Swamp:1:  layout_falls_marsh, serial_swamp_ruin, evilmike_swamp_ruin_house_2,
          evilmike_swamp_ruin_rubble_1, evilmike_swamp_ruin_house_3
Swamp:2:  layout_basic_swamp, lemuel_altar_in_water
Swamp:3:  nzn_winding_woodlands_three_and_one
          [nzn_winding_woodlands_5x15_crooked,
          nzn_winding_woodlands_5x15_pockets,
          nzn_winding_woodlands_5x15_concentric,
          nzn_winding_woodlands_center_pierced_h], layout_basic_swamp,
          nicolae_swamp_tree_designs, swamp_pool2
Swamp:4:  grunt_swamp_rune_castle, layout_basic_swamp,
          nicolae_swamp_small_spring, uniq_mlioglotl, uniq_nikola,
          uniq_bai_suzhen
Snake:1:  layout_onion_interference, grunt_ministairs_9
Snake:2:  layout_onion, serial_bayou, serial_bayou_pond_e, serial_bayou_pond_b,
          serial_bayou_pond_a, serial_bayou_pond_b, serial_bayou_pond_e,
          serial_bayou_shore_b
Snake:3:  layout_chambers, serial_shops, nicolae_shop_statue_plus,
          serial_bayou_shore_b, grunt_megastairs_1
Snake:4:  minmay_snake_end_coiled, layout_cave_town, grunt_ministairs_15,
          uniq_louise, uniq_roxanne
Orc:1:    layout_caves, hangedman_minor_magic, uniq_snorg
Orc:2:    st_orc_town, layout_caves, nicolae_shop_clearance
Vaults:1: gammafunk_ghost_necromancy, vaults_dpeg_ring, st_cells,
          hangedman_vaults_corner_blocks, vaults_standard_mumra_x,
          nicolae_vaults_ring_of_whatevers, nicolae_vaults_circle_grid_b,
          vaults_room_door_ring, ontoclasm_vaults_gateway,
          ontoclasm_vaults_fault, vaults_room_corners, layout_vaults_omnicross,
          serial_shops, shop, uniq_saint_roka
Vaults:2: v_alt_pattern_1, v_rooms_3, vaults_room_corners, grunt_vaults_bifocal,
          nicolae_vaults_network_square, minmay_crypt_entry_necro_gods,
          v_rooms_5, v_misc_30, hangedman_vaults_corner,
          ontoclasm_vaults_ligature, grunt_vaults_hallway_long,
          layout_vaults_omnibox, uniq_donald
Vaults:3: v_misc_31, vaults_mumra_chevron_long, hangedman_vaults_impose,
          hangedman_vaults_hat, nicolae_vaults_circle_grid_a,
          nicolae_vaults_windows_and_doors_thing, nicolae_vaults_specimen_jars,
          v_misc_11, v_misc_30, vaults_dpeg_diagonal, vaults_room_hallway,
          layout_vaults_ring, uniq_margery
Depths:1: layout_cave_shapes, okawaru_gym_becter, serial_shops, shop,
          hell_entry, minmay_room_of_horrors, rand_demon_pan_entry_1,
          nzn_ghost_randoct, nicolae_two_hexagons, nicolae_vehumet_radiance,
          minmay_shoptagon
Arena

Skill      XL: |  1  2  3  4  5  6  7  8  9 10 11 12 13 14 15 16 17 18 19 20 21 |
---------------+----------------------------------------------------------------+-----
Hexes          | 4 5 6 7 9 10 12 13 14 15 16 17 18 | 18.5
Fire Magic     | 1 2 3 |  3.0
Ranged Weapons | 3 4 5 7 8 9 11 12 13 15 16 17 18 19 20 | 20.4
Fighting       | 2 3 4 5 6 7 8 10 11 12 13 14 15 16 | 16.1
Spellcasting   | 2 3 5 7 8 9 10 | 10.1
Shields        | 2 3 5 6 8 9 10 11 13 14 15 16 17 18 | 18.2
Invocations    | 3 4 6 7 9 10 11 13 | 13.0
Translocations | 2 3 |  3.0
Necromancy     | 2 3 |  3.0
Earth Magic    | 3 |  3.0
Transmutations | 3 5 7 |  7.7
Dodging        | |  1.7

Action                   |  1- 3 |  4- 6 |  7- 9 | 10-12 | 13-15 | 16-18 | 19-21 || total
-------------------------+-------+-------+-------+-------+-------+-------+-------++-------
Melee: Dagger            |     4 |    30 |       |       |       |       |       ||    34
 Fire: Sling             |   114 |   115 |    87 |       |       |       |       ||   316
       Longbow           |       |       |   140 |   531 |  1289 |  1339 |  1208 ||  4507
Throw: Dart              |       |       |       |       |     1 |       |     1 ||     2
       Throwing net      |       |       |       |       |     2 |       |       ||     2
       Boomerang         |       |       |       |       |       |       |     1 ||     1
 Cast: Slow              |     3 |     9 |    19 |    10 |    11 |     2 |       ||    54
       Inner Flame       |       |       |    15 |    25 |    20 |    24 |    31 ||   115
       Cause Fear        |       |       |     3 |     7 |    13 |     2 |    15 ||    40
       Portal Projectile |       |       |     2 |    12 |    11 |    11 |    17 ||    53
       Anguish           |       |       |       |       |     2 |     6 |     2 ||    10
       Leda's Liquefacti |       |       |       |       |       |     3 |     9 ||    12
Invok: Heroism           |       |       |       |     2 |    15 |    15 |    11 ||    43
       Finesse           |       |       |       |     2 |     3 |     4 |     5 ||    14
       Duel              |       |       |       |       |     1 |       |     1 ||     2
 Abil: Dig               |       |       |     1 |     2 |     7 |     2 |       ||    12
Evoke: Wand              |       |     5 |       |       |       |       |     1 ||     6
       Phial of floods   |       |       |       |       |       |       |     3 ||     3
  Use: Scroll            |       |       |    13 |     7 |     9 |     6 |     3 ||    38
       Potion            |       |       |     3 |       |     8 |     2 |     6 ||    19
Armor: Robe              |    22 |    15 |    41 |    70 |   149 |    74 |    78 ||   449
Dodge: Dodged            |    48 |    42 |    85 |   114 |   160 |    96 |    85 ||   630
Block: Kite shield       |       |       |       |   201 |   192 |       |       ||   393
       Tower shield      |       |       |       |       |   488 |   717 |   730 ||  1935
       Reflection        |       |       |       |       |     3 |   105 |    54 ||   162

Table legend: (Time is in decaauts)
 A = Elapsed time spent in this place.
 B = Non-inter-level travel time spent in this place.
 C = Inter-level travel time spent in this place.
 D = Time resting spent in this place.
 E = Time spent auto-exploring this place.
 F = Levels seen in this place.
 G = Mean time per level.
                   A        B        C        D        E       F      G
               +--------+--------+--------+--------+--------+-----+--------+
         Total |  42278 |  39568 |   2710 |   7780 |  23939 |  38 | 1112.6 |
       Dungeon |  18466 |  17223 |   1243 |   3990 |  10398 |  15 | 1231.1 |
        Temple |     73 |     52 |     21 |      0 |     40 |   1 |   73.0 |
          Lair |   7562 |   7074 |    488 |   1173 |   4624 |   5 | 1512.4 |
         Swamp |   3629 |   3344 |    285 |    346 |   2136 |   4 |  907.2 |
     Snake Pit |   6962 |   6623 |    339 |   1574 |   3802 |   4 | 1740.5 |
  Orcish Mines |   1642 |   1484 |    158 |     50 |    880 |   2 |  821.0 |
        Vaults |   2981 |   2807 |    174 |    257 |   1873 |   3 |  993.7 |
        Depths |     40 |     40 |      0 |      0 |      7 |   1 |   40.0 |
        Bailey |    883 |    883 |      0 |    376 |    178 |   1 |  883.0 |
         Arena |     37 |     37 |      0 |     13 |      0 |   2 |   18.5 |
               +--------+--------+--------+--------+--------+-----+--------+

Top non-repeatable levels by time:
    D:12: 2732 daAuts
 Snake:3: 2448 daAuts
  Lair:5: 1888 daAuts
     D:5: 1778 daAuts
 Snake:4: 1767 daAuts
     D:3: 1764 daAuts
Vaults:1: 1748 daAuts
 Snake:1: 1651 daAuts
  Lair:2: 1581 daAuts
  Lair:4: 1505 daAuts
    D:10: 1464 daAuts
  Lair:3: 1387 daAuts
    D:11: 1348 daAuts
     D:9: 1308 daAuts
    D:15: 1299 daAuts
